 Dungeon Crawl Stone Soup version 0.31.0-32-g396128a36d (webtiles) character file.

Game seed: 9497655019972746004

1 ChadusMaximus the Caller (level 1, 0/13 HPs)
             Began as a Barachi Summoner on Mar 9, 2024.
             Slain by a kobold
             ... wielding a +0 dagger
              (2 damage)
             ... on level 1 of the Dungeon.
             The game lasted 00:00:07 (79 turns).

ChadusMaximus the Caller (Barachi Summoner)           Turns: 79, Time: 00:00:08

Health: 0/13       AC:  2    Str:  9    XL:     1   Next: 20%
Magic:  0/3        EV: 12    Int: 15    God:
Gold:   20         SH:  0    Dex: 12    Spells: 3/4 levels left

rFire   . . .        (no weapon)
rCold   . . .        (no shield)
rNeg    . . .        a - +0 robe
rPois   .            (no helmet)
rElec   .            (no cloak)
rCorr   .            (no gloves)
SInv    .            (no boots)
Will    .....        (no amulet)
Stlth   ++           (no ring)
HPRegen 0.22/turn    (no ring)
MPRegen 0.08/turn

%: no passive effects
@: slow
A: amphibious, slowness 1, strong legs 1, +LOS
a: Hop


You were on level 1 of the Dungeon.
You visited 1 branch of the dungeon, and saw 1 of its levels.

You collected 20 gold pieces.

Inventory:

Armour
 a - a +0 robe (worn)
Potions
 b - a potion of magic


   Skills:
 + Level 2.2 Dodging
 + Level 1.8 Stealth
 + Level 2.2 Spellcasting
 + Level 4.8 Summonings


You had 3 spell levels left.
You knew the following spells:

 Your Spells              Type           Power      Damage    Failure   Level
a - Summon Small Mammal   Summ           64%        N/A       3%          1

Your spell library contained the following spells:

 Spells                   Type           Power      Damage    Failure   Level
 Call Imp                 Summ           32%        N/A       4%          2
 Call Canine Familiar     Summ           16%        N/A       9%          3
 Summon Blazeheart Golem  Fire/Summ      8%         N/A       63%         4
 Summon Lightning Spire   Summ/Air       8%         N/A       63%         4


Dungeon Overview and Level Annotations

Branches:
Dungeon (1/15)

Altars:


Innate Abilities, Weirdness & Mutations

You are amphibious.
You cover ground slowly.
You can hop short distances.
You have an extended range of vision and can be seen from far away.


Message History

Confirm with . or Enter, or press ? or * to list all spells.
The kobold barely misses you. The kobold hits you with a +0 dagger.
The kobold barely misses you.
Unknown command.
You hit the kobold but do no damage. The kobold barely misses you.
You hit the kobold but do no damage. The kobold closely misses you.
Unknown command.
You swap places.
Your bat hits the kobold. The kobold attacks as it pursues you!
The kobold hits you with a +0 dagger.
Casting: Summon Small Mammal (safe; 3% risk of failure)
Confirm with . or Enter, or press ? or * to list all spells.
Your bat disappears in a puff of smoke!
The kobold closely misses you.
Your rat closely misses the kobold.
Your rat barely misses the kobold.
The kobold hits you with a +0 dagger.
* * * LOW HITPOINT WARNING * * *
Your rat barely misses the goblin.
Unknown command.
Found a stone staircase leading down.
Your rat misses the kobold. The kobold hits you with a +0 dagger.
* * * LOW HITPOINT WARNING * * *
An endoplasm comes into view.
The endoplasm quivers.
Your rat closely misses the kobold.
The kobold attacks as it pursues you! The kobold closely misses you.
Casting: Summon Small Mammal (safe; 3% risk of failure)
Confirm with . or Enter, or press ? or * to list all spells.
Your rat disappears in a puff of smoke!
The kobold closely misses you. The endoplasm hits your quokka.
Your quokka barely misses the goblin.
The endoplasm hits your quokka but does no damage.
Your quokka bites the endoplasm.
Your quokka bites the endoplasm.
The endoplasm dies!
Your quokka misses the goblin.
Unknown command.
You hit the kobold but do no damage.
Your quokka closely misses the kobold.
Your quokka closely misses the goblin.
The kobold hits you with a +0 dagger.
You die...

###### ### #####.#..#####.#
#..............#####
####.###.########.#.... #..
#..........#.##.
########.######.............#.
............................#.
#########.##################.#.
..........r.gK@....># #.#.
......###.####r.###.# #.#. ....
#.# #..# #.#. .. ... ..... #.#.
#.### ###..# ###.####.#. ..
............... ##.
.######......#. #.
##############. #. ###..((.###
#.


You could see a goblin, a kobold (ally target) and 2 friendly quokkas.

Vanquished Creatures (collateral kills)
  An endoplasm (D:1)
1 creature vanquished.

Notes
Turn   | Place    | Note
-------+----------+-------------------------------------------
     0 | D:1      | ChadusMaximus the Barachi Summoner began the quest for the
                  | Orb.
     0 | D:1      | Reached XP level 1. HP: 13/13 MP: 3/3
    79 | D:1      | Slain by a kobold

Illustrated notes

Levels and vault maps discovered:
D:1:      minmay_arrival_shattered_statue, layout_basic,
          hellmonk_ecumenical_altar_heavens_door, minmay_tree_intersection,
          minmay_tetromino_i4

Action                     || total
---------------------------++-------
  Melee: Unarmed           ||     3
   Cast: Summon Small Mamm ||     4
 Armour: Robe              ||     5
  Dodge: Dodged            ||     7
